Gulls vs Reign

Created - 29 septembre 2023 at 19:50

Goals
1 2 3 T
Gulls 0 1 1 2
Reign 1 0 0 1
Shots
1 2 3 T
Gulls 3 1 2 6
Reign 6 0 3 9

GoalsPenalties
1st period
1. Reign , Carsen Twarynski 4 (Robin Salo 4, Jet Greaves) at 12:07
No Penalty
2nd period
2. Gulls , Vitali Kravtsov 2 (Egor Sokolov 3, Matthew Knies 3) at 0:46 (PP)
Tyler Bozak (LOS) for High sticking (Minor) at 0:33
3rd period
3. Gulls , Kale Howarth 1 (Xavier Parent 1, Samuel Bolduc 2) at 13:20
Robin Salo (LOS) for Hooking (Minor) at 0:11
Jacob Bernard-Docker (ANA) for Holding (Minor) at 0:16
Sean Couturier (LOS) for Roughing (Double Minor) at 16:29
Goalie Stats
Louis Domingue (ANA), 8 saves from 9 shots - (0,889), W, 4-3-3, 60:00 minutes
Jet Greaves (LOS), 4 saves from 6 shots - (0,667), L, 3-6-1, 60:00 minutes
3 StarsOfficial
1 - Kale Howarth (ANA)
2 - Vitali Kravtsov (ANA)
3 - Samuel Bolduc (ANA)
Referees : Edward Grudzinski and François St-Laurent
Linesman : Veronica Lovensno and Libor Suchanek
Game Note
No Game Note



Team Name Goals Shots Shots Attemp Shots Blocked PIM HIT PP PK FO%
Gulls 261152171 / 4 (25%)048%
Reign 192218200 / 1 (0%)152%

Gulls
Player Name POS G A P +/- PIM HIT SHT SB MP PP MP PP SHT PK MP PK SHT FO% FOT GA TA
Alex VlasicD0000010220:261:2100:0000% 000
Egor SokolovLW011-1021122:161:3700:0100% 010
Guillaume BriseboisD000001009:561:2700:0000% 000
Hendrix LapierreC0000010019:091:1400:04022% 900
Jacob Bernard-DockerD000-1210021:501:5200:0000% 000
Jake LivingstoneD0000000122:161:5900:0000% 011
Justin BaileyRW000-1020119:111:1700:0000% 000
Kale HowarthLW1011001011:270:5600:0300% 000
Matthew KniesLW0110011023:031:3900:01050% 402
Samuel BolducD0111011016:200:2800:0500% 000
Vincent ArseneauLW0000020019:461:1500:0100% 000
Vitali KravtsovLW/RW101-1022022:161:3910:00070% 1010
Wyatt BongiovanniC0000030018:410:5500:0000% 300
Xavier ParentC/LW/RW011100009:170:0000:000100% 100
Yanni KaldisD000-1000016:320:2800:0500% 000
Zach GiuttariD0001000014:210:0000:0000% 000
Zach SolowRW000100009:550:5200:0000% 000
Zach TsekosC000000001:180:0000:000100% 200
Reign
Player Name POS G A P +/- PIM HIT SHT SB MP PP MP PP SHT PK MP PK SHT FO% FOT GA TA
Alexander HoltzLW/RW0001021018:170:0000:2100% 010
Arshdeep BainsLW000000001:130:0000:0000% 000
Carsen TwarynskiLW101-1011018:030:0001:1200% 000
Cole McWardD0000000019:510:0501:4300% 000
David GustRW000-1001015:220:0000:0000% 000
Elliot DesnoyersC/LW0000031020:170:0001:10089% 900
Fredrik OlofssonLW0001020022:470:0501:4000% 000
Georgii MerkulovLW000000000:000:0000:0000% 000
Matej BlumelLW0000010014:180:0000:0000% 000
Michael KesselringD000-1010020:520:0001:4400% 001
Nolan StevensLW000001016:040:0000:55033% 300
Oliver KylingtonD0001020022:510:0001:3200% 000
Robbie RussoD0001022023:440:0001:3400% 000
Robin SaloD011-1230022:490:0201:0700% 002
Ryan JonesD0000000010:390:0500:3300% 000
Sean CouturierC0000410018:560:0300:13022% 900
Spencer SmallmanRW0000001016:520:0000:00050% 200
Tyler BozakC/RW0000212021:200:0501:28050% 620

Gulls

5 vs 5 Forward
Line #Left WingCenterRight WingPHYDFOFWanted %Time %Time Play
1Matthew KniesVitali KravtsovEgor Sokolov0144030%16:20
2Egor SokolovHendrix LapierreMatthew Knies0143530%16:25
3Vitali KravtsovEgor SokolovJustin Bailey1221518%9:38
4Vincent ArseneauMatthew KniesWyatt Bongiovanni1221022%11:50
5 vs 5 Defense
Line #DefenseDefensePHYDFOFWanted %Time %Time Play
1Alex VlasicJake Livingstone1224035%19:05
2Jacob Bernard-DockerYanni Kaldis1223028%15:02
3Samuel BolducZach Giuttari1222026%14:21
4Guillaume BriseboisJacob Bernard-Docker1221011%5:45
Power Play Forward
Line #Left WingCenterRight WingPHYDFOFWanted %Time %Time Play
1Egor SokolovVitali KravtsovMatthew Knies00560100%3:48
2Egor SokolovVitali KravtsovMatthew Knies014400%0:00
Power Play Defense
Line #DefenseDefensePHYDFOFWanted %Time %Time Play
1Jacob Bernard-DockerJake Livingstone1226064%2:27
2Jacob Bernard-DockerAlex Vlasic1224036%1:21
Penalty Kill 4 Players Forward
Line #CenterWingPHYDFOFWanted %Time %Time Play
1Matthew KniesEgor Sokolov12260100%0:05
2Matthew KniesEgor Sokolov122400%0:00
Penalty Kill 4 Players Defense
Line #DefenseDefensePHYDFOFWanted %Time %Time Play
1Jacob Bernard-DockerAlex Vlasic122600%0:00
2Jacob Bernard-DockerJake Livingstone12240100%0:05
Penalty Kill 3 Players
Line #WingPHYDFOFWanted %Time %Time PlayDefenseDefensePHYDFOFWanted %Time %Time Play
1Egor Sokolov122600%0:00 Alex VlasicJacob Bernard-Docker122600%0:00
2Egor Sokolov122400%0:00 Jacob Bernard-DockerZach Giuttari122400%0:00
4 vs 4 Forward
Line #CenterWingPHYDFOFWanted %Time %Time Play
1Matthew KniesEgor Sokolov12260100%1:54
2Matthew KniesEgor Sokolov122400%0:00
4 vs 4 Defense
Line #DefensePHYDFOFWanted %Time %Time Play
1Jacob Bernard-DockerJake Livingstone1226073%60% - 1:23
2Jacob Bernard-DockerSamuel Bolduc1224027%40% - 0:31
Last Minutes Offensive
Left WingCenterRight WingDefenseDefense
Matthew KniesVitali KravtsovEgor SokolovAlex VlasicJake Livingstone
Last Minutes Defensive
Left WingCenterRight WingDefenseDefense
Matthew KniesVitali KravtsovEgor SokolovAlex VlasicJake Livingstone
Time
Total ForwardTotal DefenseLast Minutes OffensiveLast Minutes Defensive
60:00 60:00 0:000:00
Extra Forwards
Normal PowerPlayPenalty Kill
Vitali Kravtsov, Egor Sokolov, Matthew KniesMatthew Knies, Egor SokolovEgor Sokolov
Extra Defensemen
Normal PowerPlayPenalty Kill
Yanni Kaldis, Jacob Bernard-Docker, Guillaume BriseboisAlex Vlasic, Jake LivingstoneJacob Bernard-Docker
Penalty Shots
Vitali Kravtsov, Justin Bailey, Hendrix Lapierre, Egor Sokolov, Matthew Knies
Goalie
Louis Domingue, Joey Daccord
Scratches
Andrew Poturalski (Broken Ribs Injury), Maxim Cajkovic (Healthy)

Reign

5 vs 5 Forward
Line #Left WingCenterRight WingPHYDFOFWanted %Time %Time Play
1Fredrik OlofssonSean CouturierAlexander Holtz1044434%18:25
2Fredrik OlofssonTyler BozakDavid Gust4013227%14:41
3Carsen TwarynskiElliot DesnoyersTyler Bozak2301613%6:49
4Matej BlumelElliot DesnoyersSpencer Smallman212826%14:18
5 vs 5 Defense
Line #DefenseDefensePHYDFOFWanted %Time %Time Play
1Oliver KylingtonRobbie Russo1134543%23:12
2Robin SaloMichael Kesselring1133027%14:41
3Robin SaloCole McWard3202022%11:51
4Michael KesselringCole McWard12258%4:29
Power Play Forward
Line #Left WingCenterRight WingPHYDFOFWanted %Time %Time Play
1Sean CouturierFredrik OlofssonTyler Bozak11370100%0:05
2Fredrik OlofssonTyler BozakElliot Desnoyers104300%0:00
Power Play Defense
Line #DefenseDefensePHYDFOFWanted %Time %Time Play
1Michael KesselringRobin Salo02363100%0:05
2Oliver KylingtonMichael Kesselring122370%0:00
Penalty Kill 4 Players Forward
Line #CenterWingPHYDFOFWanted %Time %Time Play
1Tyler BozakFredrik Olofsson13160100%3:48
2Tyler BozakFredrik Olofsson140400%0:00
Penalty Kill 4 Players Defense
Line #DefenseDefensePHYDFOFWanted %Time %Time Play
1Michael KesselringOliver Kylington1226055%2:05
2Cole McWardMichael Kesselring1224045%1:43
Penalty Kill 3 Players
Line #WingPHYDFOFWanted %Time %Time PlayDefenseDefensePHYDFOFWanted %Time %Time Play
1Tyler Bozak140510%0:00 Michael KesselringCole McWard122600%0:00
2Tyler Bozak041490%0:00 Oliver KylingtonMichael Kesselring122400%0:00
4 vs 4 Forward
Line #CenterWingPHYDFOFWanted %Time %Time Play
1Tyler BozakFredrik Olofsson11360100%1:54
2Tyler BozakFredrik Olofsson113400%0:00
4 vs 4 Defense
Line #DefensePHYDFOFWanted %Time %Time Play
1Michael KesselringRobin Salo12260100%60% - 1:54
2Robin SaloMichael Kesselring122400%40% - 0:00
Last Minutes Offensive
Left WingCenterRight WingDefenseDefense
Sean CouturierFredrik OlofssonTyler BozakOliver KylingtonMichael Kesselring
Last Minutes Defensive
Left WingCenterRight WingDefenseDefense
Sean CouturierFredrik OlofssonTyler BozakOliver KylingtonMichael Kesselring
Time
Total ForwardTotal DefenseLast Minutes OffensiveLast Minutes Defensive
60:00 60:00 0:000:00
Extra Forwards
Normal PowerPlayPenalty Kill
Tyler Bozak, Spencer Smallman, Elliot DesnoyersFredrik Olofsson, Spencer SmallmanTyler Bozak
Extra Defensemen
Normal PowerPlayPenalty Kill
Michael Kesselring, Robin Salo, Cole McWardMichael Kesselring, Michael KesselringRobin Salo
Penalty Shots
Spencer Smallman, Fredrik Olofsson, Sean Couturier, Tyler Bozak, Elliot Desnoyers
Goalie
Jet Greaves, Vadim Zherenko
Scratches
Akil Thomas (Healthy), Martin Pospisil (Healthy), Louie Belpedio (Lacerated Right Calf Injury), Michal Teply (Healthy), Colin Theisen (Healthy) Lukas Rousek (Healthy), Nathan Smith (Healthy), Nick Cicek (Healthy), Thomas Bordeleau (Healthy), Albert Johansson (Healthy) Louis Crevier (Healthy), Pavol Regenda (Healthy), Shakir Mukhamadullin (Healthy), Carey Price (Healthy), Calle Clang (Healthy)


Play-by-Play

1st period


0:01 of 1st period - Matthew Knies wins face-off versus Sean Couturier in neutral zone.
0:32 of 1st period - Wrist shot by Matthew Knies.
0:32 of 1st period - Shot Misses the Net.
0:46 of 1st period - Slapshot by Hendrix Lapierre.
0:46 of 1st period - Shot Misses the Net.
1:30 of 1st period - Matthew Knies is hit by Elliot Desnoyers and loses puck.
2:03 of 1st period - Alex Vlasic is hit by Matej Blumel.
4:32 of 1st period - Icing by Matej Blumel.
4:33 of 1st period - Xavier Parent wins face-off versus Spencer Smallman in Reign zone.
4:44 of 1st period - Tyler Bozak is hit by Vitali Kravtsov and loses puck.
5:06 of 1st period - Icing by Cole McWard.
5:07 of 1st period - Hendrix Lapierre wins face-off versus Sean Couturier in Reign zone.
5:42 of 1st period - Vincent Arseneau is hit by Fredrik Olofsson and loses puck.
6:58 of 1st period - Samuel Bolduc is hit by Robin Salo and loses puck.
10:02 of 1st period - Spencer Smallman is hit by Egor Sokolov.
11:17 of 1st period - Icing by Robbie Russo.
11:18 of 1st period - Zach Tsekos wins face-off versus Nolan Stevens in Reign zone.
11:19 of 1st period - Snap shot by Vitali Kravtsov.
11:19 of 1st period - Shot Blocked by Nolan Stevens.
11:21 of 1st period - Snap shot by Zach Solow.
11:21 of 1st period - Deflect By Vitali Kravtsov.
11:21 of 1st period - Stopped by Jet Greaves with a rebound.
11:23 of 1st period - Wrist shot by Vitali Kravtsov.
11:23 of 1st period - Deflect By Zach Tsekos.
11:23 of 1st period - Shot Misses the Net.
11:23 of 1st period - Puck is out of play.
11:24 of 1st period - Zach Tsekos wins face-off versus Nolan Stevens in Reign zone.
11:33 of 1st period - Alex Vlasic is hit by Nolan Stevens and loses puck.
12:07 of 1st period - Snap shot by Carsen Twarynski.
12:07 of 1st period - Goal by Carsen Twarynski - Gulls : 0 - Reign : 1.
12:08 of 1st period - Vitali Kravtsov wins face-off versus Sean Couturier in neutral zone.
12:23 of 1st period - Snap shot by Egor Sokolov.
12:23 of 1st period - Stopped by Jet Greaves with a rebound.
13:03 of 1st period - Wrist shot by Matthew Knies.
13:03 of 1st period - Stopped by Jet Greaves without a rebound.
13:04 of 1st period - Tyler Bozak wins face-off versus Hendrix Lapierre in Reign zone.
13:04 of 1st period - Tyler Bozak is hit by Wyatt Bongiovanni.
13:46 of 1st period - Vincent Arseneau is hit by Carsen Twarynski.
14:05 of 1st period - Wyatt Bongiovanni is hit by Oliver Kylington and loses puck.
14:35 of 1st period - Snap shot by David Gust.
14:35 of 1st period - Deflect By Tyler Bozak.
14:35 of 1st period - Shot Misses the Net.
14:35 of 1st period - Puck is out of play.
14:36 of 1st period - Tyler Bozak wins face-off versus Wyatt Bongiovanni in Gulls zone.
14:41 of 1st period - Snap shot by Spencer Smallman.
14:41 of 1st period - Stopped by Louis Domingue without a rebound.
14:42 of 1st period - Sean Couturier wins face-off versus Wyatt Bongiovanni in Gulls zone.
15:07 of 1st period - Jacob Bernard-Docker is hit by Elliot Desnoyers and loses puck.
15:14 of 1st period - Hendrix Lapierre is hit by Elliot Desnoyers and loses puck.
16:17 of 1st period - Icing by Zach Giuttari.
16:18 of 1st period - Elliot Desnoyers wins face-off versus Hendrix Lapierre in Gulls zone.
16:53 of 1st period - Off-side.
16:54 of 1st period - Elliot Desnoyers wins face-off versus Hendrix Lapierre in neutral zone.
16:59 of 1st period - Wrist shot by Elliot Desnoyers.
16:59 of 1st period - Shot Blocked by Alex Vlasic.
17:01 of 1st period - Snap shot by Tyler Bozak.
17:01 of 1st period - Shot Blocked by Justin Bailey.
17:03 of 1st period - Snap shot by Oliver Kylington.
17:03 of 1st period - Shot Blocked by Jake Livingstone.
17:05 of 1st period - Wrist shot by Tyler Bozak.
17:05 of 1st period - Stopped by Louis Domingue without a rebound.
17:06 of 1st period - Vitali Kravtsov wins face-off versus Tyler Bozak in Gulls zone.
17:21 of 1st period - Snap shot by David Gust.
17:21 of 1st period - Stopped by Louis Domingue with a rebound.
17:56 of 1st period - Icing by Alex Vlasic.
17:57 of 1st period - Elliot Desnoyers wins face-off versus Hendrix Lapierre in Gulls zone.
18:04 of 1st period - Backhand shot by Elliot Desnoyers.
18:04 of 1st period - Stopped by Louis Domingue without a rebound.
18:05 of 1st period - Vitali Kravtsov wins face-off versus Sean Couturier in Gulls zone.
18:12 of 1st period - Slapshot by Fredrik Olofsson.
18:12 of 1st period - Deflect By Alexander Holtz.
18:12 of 1st period - Stopped by Louis Domingue with a rebound.
18:14 of 1st period - Snap shot by Robin Salo.
18:14 of 1st period - Shot Misses the Net.
19:04 of 1st period - Matej Blumel is hit by Vincent Arseneau and loses puck.
19:58 of 1st period - Icing by Oliver Kylington.
19:59 of 1st period - Elliot Desnoyers wins face-off versus Matthew Knies in Reign zone.
Goals for this period are 0 for Gulls vs 1 for Reign.
Shots for this period are 3 for Gulls vs 6 for Reign.

2nd period


0:01 of 2nd period - Vitali Kravtsov wins face-off versus Sean Couturier in neutral zone.
0:33 of 2nd period - Minor Penalty to Tyler Bozak for High sticking.
0:34 of 2nd period - Vitali Kravtsov wins face-off versus Sean Couturier in Reign zone.
0:46 of 2nd period - Snap shot by Vitali Kravtsov.
0:46 of 2nd period - Goal by Vitali Kravtsov - Gulls : 1 - Reign : 1.
0:47 of 2nd period - Sean Couturier wins face-off versus Vitali Kravtsov in neutral zone.
1:27 of 2nd period - Slapshot by Elliot Desnoyers.
1:27 of 2nd period - Shot Blocked by Egor Sokolov.
2:42 of 2nd period - Vitali Kravtsov is hit by Alexander Holtz and loses puck.
4:46 of 2nd period - Fredrik Olofsson is hit by Vincent Arseneau and loses puck.
6:31 of 2nd period - Alexander Holtz is hit by Samuel Bolduc and loses puck.
6:56 of 2nd period - Jake Livingstone is hit by Oliver Kylington and loses puck.
11:02 of 2nd period - Zach Giuttari is hit by Alexander Holtz and loses puck.
12:28 of 2nd period - Icing by Yanni Kaldis.
12:29 of 2nd period - Spencer Smallman wins face-off versus Vitali Kravtsov in Gulls zone.
13:28 of 2nd period - Alexander Holtz is hit by Egor Sokolov and loses puck.
13:51 of 2nd period - Xavier Parent is hit by Fredrik Olofsson and loses puck.
14:14 of 2nd period - Elliot Desnoyers is hit by Matthew Knies.
15:06 of 2nd period - Michael Kesselring is hit by Wyatt Bongiovanni and loses puck.
15:59 of 2nd period - Zach Solow is hit by Michael Kesselring and loses puck.
17:01 of 2nd period - Icing by Oliver Kylington.
17:02 of 2nd period - Elliot Desnoyers wins face-off versus Hendrix Lapierre in Reign zone.
18:01 of 2nd period - Oliver Kylington is hit by Jacob Bernard-Docker and loses puck.
19:00 of 2nd period - Icing by Matej Blumel.
19:01 of 2nd period - Vitali Kravtsov wins face-off versus Elliot Desnoyers in Reign zone.
Goals for this period are 1 for Gulls vs 0 for Reign.
Shots for this period are 1 for Gulls vs 0 for Reign.

3rd period


0:01 of 3rd period - Hendrix Lapierre wins face-off versus Sean Couturier in neutral zone.
0:11 of 3rd period - Minor Penalty to Robin Salo for Hooking.
0:12 of 3rd period - Tyler Bozak wins face-off versus Vitali Kravtsov in Reign zone.
0:16 of 3rd period - Minor Penalty to Jacob Bernard-Docker for Holding.
0:17 of 3rd period - Matthew Knies wins face-off versus Tyler Bozak in Gulls zone.
0:54 of 3rd period - Matthew Knies is hit by Tyler Bozak and loses puck.
1:59 of 3rd period - Elliot Desnoyers is hit by Hendrix Lapierre and loses puck.
2:11 of 3rd period - Penalty to Robin Salo is over, Robin Salo is back on ice.
2:16 of 3rd period - Penalty to Jacob Bernard-Docker is over, Jacob Bernard-Docker is back on ice.
2:36 of 3rd period - Kale Howarth is hit by Sean Couturier and loses puck.
3:35 of 3rd period - Icing by Alex Vlasic.
3:36 of 3rd period - Elliot Desnoyers wins face-off versus Hendrix Lapierre in Gulls zone.
3:43 of 3rd period - Snap shot by Matej Blumel.
3:43 of 3rd period - Shot Misses the Net.
4:12 of 3rd period - Tyler Bozak is hit by Wyatt Bongiovanni and loses puck.
4:43 of 3rd period - Oliver Kylington is hit by Alex Vlasic and loses puck.
6:58 of 3rd period - Carsen Twarynski is hit by Vitali Kravtsov.
10:15 of 3rd period - Icing by Matthew Knies.
10:16 of 3rd period - Nolan Stevens wins face-off versus Wyatt Bongiovanni in Gulls zone.
10:43 of 3rd period - Icing by Egor Sokolov.
10:44 of 3rd period - Elliot Desnoyers wins face-off versus Matthew Knies in Gulls zone.
10:45 of 3rd period - Snap shot by Spencer Smallman.
10:45 of 3rd period - Shot Misses the Net.
11:05 of 3rd period - Wrist shot by Sean Couturier.
11:05 of 3rd period - Shot Misses the Net.
11:07 of 3rd period - Wrist shot by Robbie Russo.
11:07 of 3rd period - Stopped by Louis Domingue with a rebound.
11:23 of 3rd period - Slapshot by Robin Salo.
11:23 of 3rd period - Shot Misses the Net.
13:16 of 3rd period - Snap shot by Samuel Bolduc.
13:16 of 3rd period - Deflect By David Gust.
13:16 of 3rd period - Stopped by Jet Greaves with a rebound.
13:18 of 3rd period - Snap shot by Xavier Parent.
13:18 of 3rd period - Shot Misses the Net.
13:20 of 3rd period - Slapshot by Kale Howarth.
13:20 of 3rd period - Goal by Kale Howarth - Gulls : 2 - Reign : 1.
13:21 of 3rd period - Elliot Desnoyers wins face-off versus Hendrix Lapierre in neutral zone.
13:24 of 3rd period - Matthew Knies is hit by Robbie Russo and loses puck.
13:33 of 3rd period - Slapshot by Robbie Russo.
13:33 of 3rd period - Shot Misses the Net.
13:35 of 3rd period - Wrist shot by Tyler Bozak.
13:35 of 3rd period - Stopped by Louis Domingue with a rebound.
13:37 of 3rd period - Snap shot by Carsen Twarynski.
13:37 of 3rd period - Shot Blocked by Alex Vlasic.
13:47 of 3rd period - Oliver Kylington is hit by Justin Bailey and loses puck.
14:18 of 3rd period - Slapshot by Robbie Russo.
14:18 of 3rd period - Deflect By Hendrix Lapierre.
14:18 of 3rd period - Stopped by Louis Domingue with a rebound.
14:20 of 3rd period - Snap shot by Tyler Bozak.
14:20 of 3rd period - Shot Misses the Net.
14:44 of 3rd period - Samuel Bolduc is hit by Robin Salo and loses puck.
15:48 of 3rd period - David Gust is hit by Justin Bailey and loses puck.
16:29 of 3rd period - Double Minor Penalty to Sean Couturier for Roughing.
16:30 of 3rd period - Vitali Kravtsov wins face-off versus Tyler Bozak in Reign zone.
18:08 of 3rd period - Kale Howarth is hit by Robin Salo and loses puck.
18:33 of 3rd period - Michael Kesselring is hit by Guillaume Brisebois and loses puck.
19:05 of 3rd period - Zach Solow is hit by Robbie Russo and loses puck.
Goals for this period are 1 for Gulls vs 0 for Reign.
Shots for this period are 2 for Gulls vs 3 for Reign.